 Dungeon Crawl Stone Soup version 0.23.2-40-g277498a001 (webtiles) character file.

Game seed: 2915113707448621244

18966 Frank2 the Cleaver (level 12, -3/101 HPs)
             Began as a Demigod Gladiator on Aug 31, 2019.
             Slain by an orc warrior
             ... wielding a +0 long sword
              (12 damage)
             ... on level 2 of the Orcish Mines.
             The game lasted 00:25:51 (11462 turns).

Frank2 the Cleaver (Demigod Gladiator)             Turns: 11462, Time: 00:25:53

Health: -3/101     AC: 13    Str: 17      XL:     12   Next: 5%
Magic:  22/22      EV: 17    Int: 11 (12) God:
Gold:   1095       SH:  0    Dex: 31      Spells: 11/11 levels left

rFire    + . .     SeeInvis .   p - +4 battleaxe (flame)
rCold    . . .     Gourm    .   (shield currently unavailable)
rNeg     + . .     Faith    .   A - +3 leather armour of Huric {rF+ rN+ MR+ Dex+4}
rPois    .         Spirit   .   c - +2 helmet
rElec    .         Reflect  .   y - +1 cloak
rCorr    .         Harm     .   r - +0 pair of gloves
MR       ++...                  (no boots)
Stlth    ++........             (no amulet)
HPRegen  0.26/turn              n - +3 ring of slaying
MPRegen  0.18/turn              t - +2 ring of dexterity

@: grasped by roots, constricted
A: high mp 1
a: no special abilities


You were on level 2 of the Orcish Mines.
You were hungry.

You visited 2 branches of the dungeon, and saw 14 of its levels.
You also visited: Sewer.

You collected 1496 gold pieces.
You spent 401 gold pieces at shops.

Inventory:

Hand Weapons
 p - a +4 battleaxe of flaming (weapon)
Missiles
 d - a throwing net (quivered)
Armour
 c - a +2 helmet (worn)
 q - a +1 ring mail
 r - a +0 pair of gloves (worn)
 y - a +1 cloak (worn)
 A - the +3 leather armour of Huric (worn) {rF+ rN+ MR+ Dex+4}
   (You found it on level 9 of the Dungeon)

   It affects your dexterity (+4).
   It protects you from fire.
   It protects you from negative energy.
   It affects your resistance to hostile enchantments.
Jewellery
 n - a +3 ring of slaying (left hand)
 t - a +2 ring of dexterity (right hand)
 u - an uncursed ring of protection from fire
Wands
 o - a wand of paralysis (22)
 s - a wand of acid (3)
 v - a wand of disintegration (17)
 w - a wand of flame (65)
 B - a wand of iceblast (8)
Scrolls
 l - 5 scrolls of teleportation
 F - 2 scrolls of remove curse
Potions
 b - 2 potions of agility
 e - a potion of lignification
 h - 2 potions of resistance
 i - a potion of invisibility
 j - a potion of mutation
 k - a potion of cancellation {unknown}
 m - 2 potions of heal wounds
 z - 2 potions of flight
Miscellaneous
 a - a phantom mirror
Comestibles
 f - 27 rations


   Skills:
 + Level 8.1 Fighting
 + Level 12.2 Axes
 - Level 1.7 Throwing
 + Level 6.4 Armour
 + Level 7.4 Dodging
 - Level 5.0 Unarmed Combat
 * Level 8.3 Evocations


You had 11 spell levels left.
You didn't know any spells.
Your spell library contained the following spells:

 Spells                   Type           Power        Failure   Level  Hunger
 Confusing Touch          Hex            #.....       38%         1    ##.....
 Corona                   Hex            #......      38%         1    ##.....
 Sting                    Conj/Pois      #...         38%         1    ##.....
 Ensorcelled Hibernation  Hex/Ice        #.....       54%         2    ###....
 Poisonous Vapours        Pois/Air       #.....       54%         2    ###....
 Confuse                  Hex            #.......     77%         3    ####...
 Dazzling Spray           Conj/Hex       #.....       77%         3    ####...
 Gell's Gravitas          Tloc           #.........   77%         3    ####...
 Mephitic Cloud           Conj/Pois/Air  #.......     77%         3    ####...
 Tukima's Dance           Hex            #.......     77%         3    ####...
 Olgreb's Toxic Radiance  Pois           #.......     99%         4    #####..
 Petrify                  Tmut/Erth      #.......     99%         4    #####..
 Metabolic Englaciation   Hex/Ice        #.........   100%        5    ######.
 Venom Bolt               Conj/Pois      #.........   100%        5    ######.
 Yara's Violent Unravell  Hex/Tmut       #.........   100%        5    ######.


Dungeon Overview and Level Annotations

Branches:
Dungeon (12/15)            Temple (0/1) D:7            Lair (0/6) D:8
    Orc (2/2) D:11            Elf (0/3) Orc:2

Shops:
D:4 =   D:7 (   Orc:2 }

Annotations:
Orc:2 Jorgrun


Innate Abilities, Weirdness & Mutations

You have an increased reservoir of magic. (+10% MP)


Message History

The grasping roots constrict you.
You feel much better.
The orc warrior hits you with a +0 long sword.
* * * LOW HITPOINT WARNING * * *
Jorgrun hits you but does no damage.
* * * LOW HITPOINT WARNING * * *
The grasping roots constrict you!
Evoke which item? (* to show all) (? for menu, Esc to quit)
Aiming: Paralyse
Press: ? - help, Shift-Dir - straight line, f - Jorgrun
Aim: Jorgrun, wielding a staff of earth and wearing a +0 robe (severely wounded, chance to defeat MR: 2%)
Okay, then.
Okay, then.
The roots' grasp on you weakens, but your attempt to escape fails.
Jorgrun says, "May tha earth consume ye!"
Jorgrun barely misses you.
* * * LOW HITPOINT WARNING * * *
The grasping roots constrict you!
The orc warrior hits you with a +0 long sword!
You die...

.##...#.#.#..# ##..###........#
.###.###....#####..............#
## ####........##..............#
.# ##....[.[................# ##
##.###.[................# ## ###
###.##.............## .#
###..............#. ##
##.#.#.............##. #####
#...g@................ ..#.#
##...o..............)) ....#
#......#...........).. #.#.#
......#..............))( .####
#.#..................)). .#
...#.................... ##
..##..#..#.............. # .#
......#..........$... #
.....#.......


You could see Jorgrun and an orc warrior.

Vanquished Creatures
  Harold (D:7)
  3 two-headed ogres
  The ghost of Thomus the Eclecticist, a novice DEWz of Vehumet (D:10)
  2 orc knights
  2 ugly things
  An orc sorcerer (Orc:1)
  A centaur zombie (D:11)
  5 trolls
  3 hippogriffs
  Sigmund (D:4)
  22 yaks
  A basilisk (D:10)
  A hungry ghost (D:8)
  6 wargs
  A water moccasin (D:11)
  A soldier ant (D:10)
  An acid dragon (D:11)
  11 orc warriors
  4 ice beasts
  6 sky beasts
  12 ogres
  3 centaurs
  2 crocodiles
  6 bullfrogs
  2 big kobolds
  4 scorpions
  8 killer bees (D:9)
  4 wights
  2 howler monkeys (D:10)
  3 crimson imps
  A bullfrog zombie (D:6)
  4 jellies
  A quasit (D:11)
  3 hounds
  14 orc wizards
  17 orc priests
  3 bullfrog skeletons
  4 iguanas
  6 worker ants
  A hound zombie (D:11)
  A hound skeleton (D:6)
  A worker ant zombie (D:7)
  8 adders
  15 gnolls
  A shadow imp (D:9)
  An ooze (D:2)
  An adder zombie (D:8)
  An adder skeleton (D:4)
  2 worms
  A dart slug (D:1)
  10 leopard geckos
  63 orcs
  2 ball pythons
  7 bats
  4 giant cockroaches
  5 goblins
  8 hobgoblins
  14 jackals
  8 kobolds
  A ball python zombie (D:5)
  7 frilled lizards
  A jackal skeleton (D:6)
  A leopard gecko skeleton (D:7)
  2 quokka skeletons
  4 rats
343 creatures vanquished.

Vanquished Creatures (others)
  Prince Ribbit (D:7)
  An orc (Orc:1)
2 creatures vanquished.

Grand Total: 345 creatures vanquished

Notes
Turn   | Place    | Note
-------+----------+-------------------------------------------
     0 | D:1      | Frank2 the Demigod Gladiator began the quest for the Orb.
     0 | D:1      | Reached XP level 1. HP: 17/17 MP: 3/3
   398 | D:1      | Reached XP level 2. HP: 23/24 MP: 4/4
   409 | D:1      | Reached skill level 3 in Axes
   649 | D:1      | Reached XP level 3. HP: 27/29 MP: 5/5
   875 | D:2      | Found a shadowy altar of Dithmenos.
   876 | D:2      | Found a glowing golden altar of the Shining One.
  1160 | D:2      | Found a deep blue altar of Sif Muna.
  1182 | D:2      | Reached skill level 1 in Armour
  1208 | D:2      | Reached XP level 4. HP: 22/36 MP: 6/6
  1768 | D:3      | Found a glowing silver altar of Zin.
  1793 | D:3      | Found a basalt altar of Yredelemnul.
  1988 | D:3      | Reached skill level 4 in Axes
  2260 | D:3      | Reached skill level 5 in Axes
  2260 | D:3      | Reached skill level 5 in Dodging
  2260 | D:3      | Reached XP level 5. HP: 47/47 MP: 6/10
  2261 | D:3      | Reached skill level 5 in Fighting
  2261 | D:3      | Reached skill level 6 in Axes
  2261 | D:3      | Reached skill level 5 in Armour
  2261 | D:3      | Reached skill level 5 in Unarmed Combat
  2261 | D:3      | Reached skill level 5 in Evocations
  2261 | D:3      | Reached XP level 6. HP: 57/57 MP: 6/12
  2319 | D:4      | Reached skill level 7 in Axes
  2373 | D:4      | Noticed Sigmund
  2387 | D:4      | Killed Sigmund
  2387 | D:4      | Reached XP level 7. HP: 59/62 MP: 14/14
  2435 | D:4      | Found a burning altar of Makhleb.
  2758 | D:4      | Found a glowing drain.
  2771 | Sewer    | Entered a sewer
  3120 | D:4      | Found Byosmomu's Jewellery Boutique.
  3196 | D:4      | Bought a +2 ring of dexterity for 82 gold pieces
  3271 | D:5      | Entered Level 5 of the Dungeon
  3315 | D:5      | Found a shattered altar of Ashenzari.
  3455 | D:5      | Found an ancient bone altar of Kikubaaqudgha.
  3680 | D:5      | Found a sparkling altar of Nemelex Xobeh.
  3957 | D:6      | Reached XP level 8. HP: 57/70 MP: 15/15
  4351 | D:6      | Noticed a hippogriff
  4361 | D:6      | Killed a hippogriff
  4373 | D:6      | Reached skill level 8 in Axes
  5225 | D:6      | Reached XP level 9. HP: 60/77 MP: 16/16
  5476 | D:7      | Found a sacrificial altar of Ru.
  5478 | D:7      | Noticed Harold
  5503 | D:7      | Killed Harold
  5702 | D:7      | Noticed Prince Ribbit
  5758 | D:7      | Found a staircase to the Ecumenical Temple.
  5768 | D:7      | Found Waygolum's Weapon Shop.
  6016 | D:7      | Killed Prince Ribbit
  6021 | D:7      | Noticed a brown ugly thing
  6284 | D:7      | Killed a brown ugly thing
  6284 | D:7      | Reached skill level 9 in Axes
  6486 | D:8      | Found a staircase to the Lair.
  6586 | D:8      | Reached XP level 10. HP: 58/84 MP: 18/18
  7387 | D:9      | Noticed a two-headed ogre
  7400 | D:9      | Killed a two-headed ogre
  7407 | D:9      | Got a twisted leather armour
  7408 | D:9      | Identified the +3 leather armour of Huric {rF+ rN+ MR+
                  | Dex+4} (You found it on level 9 of the Dungeon)
  7723 | D:9      | Reached skill level 10 in Axes
  8229 | D:10     | Entered Level 10 of the Dungeon
  8230 | D:10     | Noticed a two-headed ogre
  8242 | D:10     | Killed a two-headed ogre
  8453 | D:10     | Reached XP level 11. HP: 88/92 MP: 19/19
  8542 | D:10     | Noticed a two-headed ogre
  8547 | D:10     | Killed a two-headed ogre
  8930 | D:10     | Found a runed translucent door.
  8930 | D:10     | Noticed Thomus's ghost (novice DEWz)
  9182 | D:10     | Killed Thomus's ghost
  9182 | D:10     | Reached skill level 11 in Axes
  9483 | D:11     | Found a staircase to the Orcish Mines.
 10269 | Orc:1    | Entered Level 1 of the Orcish Mines
 10280 | Orc:1    | Noticed an orc knight
 10295 | Orc:1    | Killed an orc knight
 10661 | Orc:2    | Entered Level 2 of the Orcish Mines
 10749 | Orc:2    | Found a staircase to the Elven Halls.
 10807 | Orc:2    | Found Wedig's Gadget Boutique.
 10812 | Orc:2    | Bought a wand of paralysis (9) for 121 gold pieces
 10812 | Orc:2    | Bought a wand of iceblast (7) for 121 gold pieces
 10812 | Orc:2    | Bought a wand of paralysis (5) for 77 gold pieces
 10892 | Orc:2    | Reached skill level 12 in Axes
 10896 | Orc:2    | Noticed an orc knight
 10938 | Orc:2    | Killed an orc knight
 11158 | Orc:1    | Reached XP level 12. HP: 78/101 MP: 22/22
 11193 | Orc:1    | Found a roughly hewn altar of Beogh.
 11450 | Orc:2    | Noticed Jorgrun
 11460 | Orc:2    | HP: 3/101 [Jorgrun/uncursed staff of earth (5)]
 11462 | Orc:2    | Slain by an orc warrior

Skill      XL: |  1  2  3  4  5  6  7  8  9 10 11 |
---------------+----------------------------------+-----
Fighting       | 2 4 5 6 7 8 |  8.1
Axes           | 3 5 6 7 8 9 10 12 | 12.2
Dodging        | 3 5 6 7 |  7.4
Armour         | 1 4 5 6 |  6.4
Unarmed Combat | 3 5 |  5.0
Evocations     | 3 5 6 7 8 |  8.3
Throwing       | |  1.7

Action                   |  1- 3 |  4- 6 |  7- 9 | 10-12 || total
-------------------------+-------+-------+-------+-------++-------
Melee: War axe           |   129 |    66 |   214 |       ||   409
       Punch             |       |       |     8 |       ||     8
       Battleaxe         |       |       |    60 |   383 ||   443
Throw: Throwing net      |       |     3 |     2 |       ||     5
Evoke: Wand              |       |       |       |     9 ||     9
  Use: Scroll            |       |    11 |     9 |    14 ||    34
       Potion            |       |     2 |     2 |     7 ||    11
 Stab: Sleeping          |       |     1 |     1 |     4 ||     6
       Held in net/web   |       |     2 |       |       ||     2
       Invisible         |       |       |       |     1 ||     1
       Paralysed         |       |       |       |     3 ||     3
       Distracted        |       |       |       |     1 ||     1
  Eat: Chunk             |     1 |     4 |    13 |    15 ||    33
       Ration            |       |       |     1 |       ||     1
Armor: Leather armour    |    50 |    18 |     1 |    72 ||   141
       Ring mail         |       |       |    85 |    34 ||   119
Dodge: Dodged            |   129 |    49 |   215 |   404 ||   797
